TOP OF THE 1ST |
Vermont Lake Monsters batting - Pitching for Connecticut Tigers : RHP Juan Murillo
|
Pitching: RHP Juan Murillo
|
|
Batting: LHB Angel Sanchez
|
0-0: Fly out, F8 (Flyball, 8LXD, EV 90.0 MPH)
|
Batting: LHB Jonathan McDaniel
|
0-0: Called Strike 0-1: Called Strike 0-2: Ball 1-2: Foul Ball, location: 2F 1-2: Ball 2-2: Strikes out swinging
|
Batting: RHB Jonathan Gallup
|
0-0: Ball 1-0: Fly out, F7 (Flyball, 78M, EV 94.4 MPH)
|
Top of the 1st over - 0 runs, 0 hits, 0 errors, 0 left on base; Vermont 0 - Connecticut 0 |
BOTTOM OF THE 1ST |
Connecticut Tigers batting - Pitching for Vermont Lake Monsters : RHP Nick Cunningham
|
Pitching: RHP Nick Cunningham
|
|
Batting: RHB John Welch
|
0-0: SINGLE (Groundball, 34, EV 99.4 MPH)
|
Batting: RHB Travis Newton
|
0-0: Ball 1-0: Called Strike 1-1: Foul Ball, location: 2F 1-2: Grounds into double play, 5-4-3 (Groundball, 5L, EV 106.9 MPH)
|
Batting: RHB Mike Sebastian
|
0-0: Called Strike 0-1: Swinging Strike 0-2: Ball 1-2: Ball 2-2: Foul Ball, location: 2F 2-2: Ball 3-2: Strikes out looking
|
Bottom of the 1st over - 0 runs, 1 hit, 0 errors, 0 left on base; Vermont 0 - Connecticut 0 |
TOP OF THE 2ND |
Vermont Lake Monsters batting - Pitching for Connecticut Tigers : RHP Juan Murillo
|
Batting: LHB Chance Stever
|
0-0: Ball 1-0: Ball 2-0: Called Strike 2-1: Fly out, F8 (Flyball, 8RS, EV 91.9 MPH)
|
Batting: RHB Eduardo Chavez
|
0-0: Ball 1-0: Ball 2-0: Ground out 6-3 (Groundball, 6M, EV 104.4 MPH)
|
Batting: RHB Fathi Addae
|
0-0: Ball 1-0: Ball 2-0: Ball 3-0: Called Strike 3-1: Swinging Strike 3-2: Base on Balls
|
Batting: LHB Raita Inouye
|
0-0: Ball Fathi Addae steals 2nd base 1-0: Ball 2-0: Ground out 5-3 (Groundball, 5, EV 98.8 MPH)
|
Top of the 2nd over - 0 runs, 0 hits, 0 errors, 1 left on base; Vermont 0 - Connecticut 0 |
BOTTOM OF THE 2ND |
Connecticut Tigers batting - Pitching for Vermont Lake Monsters : RHP Nick Cunningham
|
Batting: RHB Eric Blaha
|
0-0: Called Strike 0-1: Ball 1-1: Ball 2-1: Ball 3-1: Base on Balls
|
Batting: RHB Vince Chipman
|
0-0: Ball 1-0: Fly out, F3 (Popup, 3S, EV 84.4 MPH)
|
Batting: LHB Miguel Bojorquez
|
0-0: Swinging Strike 0-1: Ball 1-1: Called Strike 1-2: Foul Ball, location: 2F 1-2: Grounds into double play, U6-3 (Groundball, 4M, EV 80.6 MPH)
|
Bottom of the 2nd over - 0 runs, 0 hits, 0 errors, 0 left on base; Vermont 0 - Connecticut 0 |
TOP OF THE 3RD |
Vermont Lake Monsters batting - Pitching for Connecticut Tigers : RHP Juan Murillo
|
Batting: RHB Justin Menotti
|
0-0: Called Strike 0-1: Swinging Strike 0-2: Foul Ball, location: 2F 0-2: Ball 1-2: Ground out 3-1 (Groundball, 34, EV 82.5 MPH)
|
Batting: RHB Liangde Tseng
|
0-0: Ball 1-0: Ball 2-0: Ball 3-0: Called Strike 3-1: SINGLE (Groundball, 4MD, EV 94.4 MPH)
|
Batting: LHB Angel Sanchez
|
0-0: Called Strike 0-1: Ball 1-1: Ball 2-1: Fielders Choice at 2nd, 4-6 (Groundball, 4, EV 76.2 MPH)
|
Batting: LHB Jonathan McDaniel
|
0-0: Ball Angel Sanchez is caught stealing 2nd base 2-6
|
Top of the 3rd over - 0 runs, 1 hit, 0 errors, 0 left on base; Vermont 0 - Connecticut 0 |
BOTTOM OF THE 3RD |
Connecticut Tigers batting - Pitching for Vermont Lake Monsters : RHP Nick Cunningham
|
Batting: RHB Rocky Hart
|
0-0: Bunted foul 0-1: Foul Ball, location: 2F 0-2: Strikes out swinging
|
Batting: RHB Jeremy Guidone
|
0-0: Foul Ball, location: 2F 0-1: Fly out, F9 (Flyball, 9S, EV 95.0 MPH)
|
Batting: SHB Dan Crutchfield
|
0-0: Called Strike 0-1: Ball 1-1: Foul Ball, location: 2F 1-2: Strikes out looking
|
Bottom of the 3rd over - 0 runs, 0 hits, 0 errors, 0 left on base; Vermont 0 - Connecticut 0 |
TOP OF THE 4TH |
Vermont Lake Monsters batting - Pitching for Connecticut Tigers : RHP Juan Murillo
|
Batting: LHB Jonathan McDaniel
|
0-0: Called Strike 0-1: Called Strike 0-2: Ball 1-2: Ground out 4-3 (Groundball, 4, EV 96.9 MPH)
|
Batting: RHB Jonathan Gallup
|
0-0: Swinging Strike 0-1: Called Strike 0-2: Ball 1-2: Ball 2-2: Ball 3-2: Foul Ball, location: 2F 3-2: Foul Ball, location: 2F 3-2: Foul Ball, location: 2F 3-2: Foul Ball, location: 2F 3-2: Base on Balls
|
Batting: LHB Chance Stever
|
0-0: Called Strike 0-1: Ball 1-1: SINGLE (Groundball, 6MD, EV 96.2 MPH) Jonathan Gallup to second Runner from 2nd tries for 3rd, OUT after rundown.
|
Batting: RHB Eduardo Chavez
|
Pickoff Throw to First - Out! 1-3
|
Top of the 4th over - 0 runs, 1 hit, 0 errors, 0 left on base; Vermont 0 - Connecticut 0 |
BOTTOM OF THE 4TH |
Connecticut Tigers batting - Pitching for Vermont Lake Monsters : RHP Nick Cunningham
|
Batting: RHB John Welch
|
0-0: Ball 1-0: Called Strike 1-1: Ball 2-1: SINGLE (Groundball, 56D, EV 105.0 MPH)
|
Batting: RHB Travis Newton
|
0-0: Fielders Choice at 2nd, 5-4 (Groundball, 56S, EV 83.1 MPH)
|
Batting: RHB Mike Sebastian
|
0-0: Called Strike Travis Newton steals 2nd base 0-1: Ball 1-1: Ball 2-1: Foul Ball, location: 2F 2-2: Foul Ball, location: 2F 2-2: Fly out, F8 (Flyball, 8RD, EV 96.2 MPH)
|
Batting: RHB Eric Blaha
|
0-0: Ball 1-0: Swinging Strike 1-1: Called Strike 1-2: Strikes out looking
|
Bottom of the 4th over - 0 runs, 1 hit, 0 errors, 1 left on base; Vermont 0 - Connecticut 0 |
TOP OF THE 5TH |
Vermont Lake Monsters batting - Pitching for Connecticut Tigers : RHP Juan Murillo
|
Batting: RHB Eduardo Chavez
|
0-0: SINGLE (Groundball, 56D, EV 106.9 MPH)
|
Batting: RHB Fathi Addae
|
0-0: Ball 1-0: Ball 2-0: Ball 3-0: Base on Balls Eduardo Chavez to second
|
Batting: LHB Raita Inouye
|
0-0: Hit by Pitch Eduardo Chavez to third Fathi Addae to second
|
Pinch Runner at 1st Bastiaan Leenders:
|
|
Batting: RHB Justin Menotti
|
0-0: Fly out, F9 (Line Drive, 9, EV 87.5 MPH) Runner from 3rd tags up, SCORES, no throw by RF
|
Batting: RHB Liangde Tseng
|
0-0: Called Strike 0-1: Ball 1-1: Foul Ball, location: 2F 1-2: Ball 2-2: Strikes out swinging
|
Batting: LHB Angel Sanchez
|
0-0: Ball 1-0: Ground out 6-3 (Groundball, P, EV 83.8 MPH)
|
Top of the 5th over - 1 run, 1 hit, 0 errors, 2 left on base; Vermont 1 - Connecticut 0 |
BOTTOM OF THE 5TH |
Connecticut Tigers batting - Pitching for Vermont Lake Monsters : RHP Nick Cunningham
|
Now in LF: Bastiaan Leenders
|
|
Now in CF: Angel Sanchez
|
|
Batting: RHB Vince Chipman
|
0-0: Swinging Strike 0-1: Fly out, F8 (Line Drive, 8RD, EV 88.8 MPH)
|
Batting: LHB Miguel Bojorquez
|
0-0: Ball 1-0: Ball 2-0: Ball 3-0: Called Strike 3-1: TRIPLE (Flyball, 78XD, EV 87.5 MPH)
|
Batting: RHB Rocky Hart
|
0-0: Ball 1-0: SINGLE (Line Drive, 34D, EV 111.9 MPH) Miguel Bojorquez scores
|
Batting: RHB Jeremy Guidone
|
0-0: Ball 1-0: Ball 2-0: Called Strike 2-1: Called Strike 2-2: Foul Ball, location: 2F 2-2: Fielders Choice at 2nd, 5-4 (Groundball, 56, EV 110.0 MPH)
|
Batting: SHB Dan Crutchfield
|
0-0: Swinging Strike 0-1: Swinging Strike 0-2: Strikes out swinging
|
Bottom of the 5th over - 1 run, 2 hits, 0 errors, 1 left on base; Vermont 1 - Connecticut 1 |
TOP OF THE 6TH |
Vermont Lake Monsters batting - Pitching for Connecticut Tigers : RHP Juan Murillo
|
Batting: LHB Jonathan McDaniel
|
0-0: Ball 1-0: Called Strike 1-1: Foul Ball, location: 2F 1-2: Ball 2-2: Ground out 4-3 (Groundball, 34S, EV 76.9 MPH)
|
Batting: RHB Jonathan Gallup
|
0-0: Called Strike 0-1: Ball 1-1: Swinging Strike 1-2: Strikes out swinging
|
Batting: LHB Chance Stever
|
0-0: Called Strike 0-1: Swinging Strike 0-2: Foul Ball, location: 2F 0-2: Foul Ball, location: 2F 0-2: SINGLE (Line Drive, 8RM, EV 88.8 MPH)
|
Pitching: LHP Chris Woodruff
|
|
Batting: RHB Eduardo Chavez
|
0-0: Fielders Choice at 2nd, 6-4 (Groundball, 6, EV 91.2 MPH)
|
Top of the 6th over - 0 runs, 1 hit, 0 errors, 1 left on base; Vermont 1 - Connecticut 1 |
BOTTOM OF THE 6TH |
Connecticut Tigers batting - Pitching for Vermont Lake Monsters : RHP Nick Cunningham
|
Batting: RHB John Welch
|
0-0: Ball 1-0: Ball 2-0: Called Strike 2-1: Foul Ball, location: 2F 2-2: Ball 3-2: Strikes out swinging
|
Batting: RHB Travis Newton
|
0-0: Swinging Strike 0-1: Ball 1-1: Swinging Strike 1-2: Strikes out swinging
|
Batting: RHB Mike Sebastian
|
0-0: Called Strike 0-1: Ball 1-1: Ball 2-1: SINGLE (Line Drive, 56D, EV 101.2 MPH)
|
Batting: RHB Eric Blaha
|
0-0: Called Strike Mike Sebastian is caught stealing 2nd base 2-4
|
Bottom of the 6th over - 0 runs, 1 hit, 0 errors, 0 left on base; Vermont 1 - Connecticut 1 |
TOP OF THE 7TH |
Vermont Lake Monsters batting - Pitching for Connecticut Tigers : LHP Chris Woodruff
|
Batting: RHB Fathi Addae
|
0-0: Foul Ball, location: 2F 0-1: Ground out 6-3 (Groundball, 6, EV 96.2 MPH)
|
Batting: RHB Bastiaan Leenders
|
0-0: Foul Ball, location: 2F 0-1: Called Strike 0-2: Ball 1-2: Ball 2-2: Foul Ball, location: 2F 2-2: Foul Ball, location: 2F 2-2: SINGLE (Groundball, 34D, EV 101.9 MPH)
|
Batting: RHB Justin Menotti
|
|
Pinch Hitting: LHB Juan Villafana
|
0-0: Ball 1-0: Ball 2-0: Called Strike 2-1: Ball 3-1: Swinging Strike 3-2: Base on Balls Bastiaan Leenders to second
|
Batting: RHB Liangde Tseng
|
0-0: Ball Wild Pitch! Bastiaan Leenders to third Juan Villafana to second 1-0: Fly out, F9 (Flyball, 9LD, EV 91.2 MPH) Runner from 3rd tags up, SCORES, throw by RF Juan Villafana to third
|
Batting: LHB Angel Sanchez
|
0-0: Called Strike 0-1: Foul Ball, location: 2F 0-2: Ball 1-2: Strikes out swinging
|
Top of the 7th over - 1 run, 1 hit, 0 errors, 1 left on base; Vermont 2 - Connecticut 1 |
BOTTOM OF THE 7TH |
Connecticut Tigers batting - Pitching for Vermont Lake Monsters : RHP Nick Cunningham
|
Now at SS: Mario Cardona
|
|
Batting: RHB Eric Blaha
|
0-0: Ball 1-0: Foul Ball, location: 2F 1-1: Ball 2-1: Foul Ball, location: 2F 2-2: Foul Ball, location: 2F 2-2: Foul Ball, location: 2F 2-2: Ball 3-2: Strikes out swinging
|
Batting: RHB Vince Chipman
|
0-0: Fly out, F7 (Line Drive, 7, EV 92.5 MPH)
|
Batting: LHB Miguel Bojorquez
|
0-0: Called Strike 0-1: Ball 1-1: Foul Ball, location: 2F 1-2: Foul Ball, location: 2F 1-2: Fly out, F7 (Flyball, 7, EV 95.0 MPH)
|
Bottom of the 7th over - 0 runs, 0 hits, 0 errors, 0 left on base; Vermont 2 - Connecticut 1 |
TOP OF THE 8TH |
Vermont Lake Monsters batting - Pitching for Connecticut Tigers : LHP Chris Woodruff
|
Pitching: RHP Cameron Maxwell
|
|
Batting: LHB Jonathan McDaniel
|
0-0: Ball 1-0: Called Strike 1-1: Ball 2-1: Ground out U3 (Groundball, 3S, EV 81.2 MPH)
|
Batting: RHB Jonathan Gallup
|
0-0: Ball 1-0: Foul Ball, location: 2F 1-1: Foul Ball, location: 2F 1-2: Ball 2-2: Foul Ball, location: 2F 2-2: Ball 3-2: Foul Ball, location: 2F 3-2: Foul Ball, location: 2F 3-2: Foul Ball, location: 2F 3-2: Foul Ball, location: 2F 3-2: Base on Balls
|
Batting: LHB Chance Stever
|
0-0: Ball 1-0: Called Strike 1-1: Ball 2-1: Ball 3-1: Base on Balls Jonathan Gallup to second
|
Batting: RHB Eduardo Chavez
|
0-0: Ball 1-0: Ball 2-0: Grounds into double play, 5-4-3 (Groundball, 56, EV 100.0 MPH)
|
Top of the 8th over - 0 runs, 0 hits, 0 errors, 1 left on base; Vermont 2 - Connecticut 1 |
BOTTOM OF THE 8TH |
Connecticut Tigers batting - Pitching for Vermont Lake Monsters : RHP Nick Cunningham
|
Pitching: RHP Adrian Frazier
|
|
Now at 1B: Casey Nicita
|
|
Batting: RHB Rocky Hart
|
0-0: Called Strike 0-1: Swinging Strike 0-2: Strikes out looking
|
Batting: RHB Jeremy Guidone
|
0-0: Called Strike 0-1: Swinging Strike 0-2: Ball 1-2: Ball 2-2: Ball 3-2: Strikes out swinging
|
Pinch Hitting: LHB Gabe Mendez
|
0-0: Called Strike 0-1: Ball 1-1: Swinging Strike 1-2: Strikes out swinging
|
Bottom of the 8th over - 0 runs, 0 hits, 0 errors, 0 left on base; Vermont 2 - Connecticut 1 |
TOP OF THE 9TH |
Vermont Lake Monsters batting - Pitching for Connecticut Tigers : RHP Cameron Maxwell
|
Pitching: RHP Tony Kepp
|
|
Now at 1B: Gabe Mendez
|
|
Batting: RHB Fathi Addae
|
0-0: Ball 1-0: Called Strike 1-1: Ball 2-1: Swinging Strike 2-2: Ball 3-2: Base on Balls
|
Batting: RHB Bastiaan Leenders
|
0-0: Ball Fathi Addae steals 2nd base 1-0: Called Strike 1-1: Ball 2-1: Swinging Strike 2-2: Foul Ball, location: 2F 2-2: Strikes out swinging
|
Batting: LHB Mario Cardona
|
0-0: Intentional Walk
|
Batting: RHB Liangde Tseng
|
0-0: Ball 1-0: Foul Ball, location: 2F 1-1: Ball Wild Pitch! Fathi Addae to third Mario Cardona to second 2-1: Ball 3-1: Base on Balls
|
Batting: LHB Angel Sanchez
|
0-0: Called Strike 0-1: Ball 1-1: Grounds into fielders choice 3-2 (Groundball, 3S, EV 85.0 MPH) Mario Cardona to third Liangde Tseng to second
|
Batting: LHB Jonathan McDaniel
|
0-0: Swinging Strike 0-1: Ball 1-1: Fly out, F8 (Flyball, 8LXD, EV 94.4 MPH)
|
Top of the 9th over - 0 runs, 0 hits, 0 errors, 3 left on base; Vermont 2 - Connecticut 1 |
BOTTOM OF THE 9TH |
Connecticut Tigers batting - Pitching for Vermont Lake Monsters : RHP Adrian Frazier
|
Pitching: RHP Harry Barnes
|
|
Batting: RHB John Welch
|
0-0: Ball 1-0: Called Strike 1-1: Foul Ball, location: 2F 1-2: Ball 2-2: Reached on error, E6 (Groundball, 56, EV 85.0 MPH)
|
Batting: RHB Travis Newton
|
0-0: Bunted foul 0-1: Ball 1-1: Sac Bunt to 25 - play at first, batter OUT! 5-4 John Welch to second
|
Batting: RHB Mike Sebastian
|
0-0: Ball 1-0: Called Strike Balk! John Welch to third 1-1: Ball 2-1: Ball 3-1: Called Strike Balk! John Welch scores 3-2: Reached on error, E6 (Groundball, 6S, EV 66.2 MPH)
|
Batting: RHB Eric Blaha
|
0-0: Ball Mike Sebastian steals 2nd base 1-0: Swinging Strike 1-1: Foul Ball, location: 2F 1-2: Strikes out swinging
|
Batting: RHB Vince Chipman
|
0-0: Called Strike 0-1: Called Strike 0-2: Ground out 5-3 (Groundball, 56S, EV 85.0 MPH)
|
Bottom of the 9th over - 1 run, 0 hits, 2 errors, 1 left on base; Vermont 2 - Connecticut 2 |
TOP OF THE 10TH |
Vermont Lake Monsters batting - Pitching for Connecticut Tigers : RHP Tony Kepp
|
Pitching: RHP Luis Brown
|
|
Batting: RHB Casey Nicita
|
0-0: Ball 1-0: Ball 2-0: Foul Ball, location: 2F 2-1: Ball 3-1: Base on Balls
|
Batting: LHB Chance Stever
|
0-0: Called Strike 0-1: Swinging Strike 0-2: Ball 1-2: Ball 2-2: Strikes out looking
|
Batting: RHB Eduardo Chavez
|
0-0: Called Strike 0-1: Foul Ball, location: 2F 0-2: Ball 1-2: Fielders Choice at 2nd, 1-4 (Groundball, 25, EV 63.8 MPH)
|
Batting: RHB Fathi Addae
|
0-0: Called Strike 0-1: Ball Eduardo Chavez steals 2nd base 1-1: Foul Ball, location: 2F 1-2: Ball 2-2: Foul Ball, location: 2F 2-2: Ball 3-2: Base on Balls
|
Batting: RHB Bastiaan Leenders
|
0-0: Foul Ball, location: 2F 0-1: Swinging Strike 0-2: Foul Ball, location: 2F 0-2: Ball 1-2: Strikes out swinging
|
Top of the 10th over - 0 runs, 0 hits, 0 errors, 2 left on base; Vermont 2 - Connecticut 2 |
BOTTOM OF THE 10TH |
Connecticut Tigers batting - Pitching for Vermont Lake Monsters : RHP Harry Barnes
|
Batting: LHB Miguel Bojorquez
|
0-0: Ball 1-0: Ball 2-0: Called Strike 2-1: Ground out U3 (Groundball, 3S, EV 86.9 MPH)
|
Batting: RHB Rocky Hart
|
0-0: Ball 1-0: Foul Ball, location: 2F 1-1: Called Strike 1-2: Strikes out swinging
|
Batting: RHB Jeremy Guidone
|
0-0: Ball 1-0: Called Strike 1-1: Foul Ball, location: 2F 1-2: SINGLE (Groundball, 56S, EV 60.6 MPH) (infield hit)
|
Pitching: LHP Craig Poor
|
|
Batting: LHB Gabe Mendez
|
0-0: Ball 1-0: Called Strike Jeremy Guidone steals 2nd base 1-1: Foul Ball, location: 2F 1-2: Strikes out swinging
|
Bottom of the 10th over - 0 runs, 1 hit, 0 errors, 1 left on base; Vermont 2 - Connecticut 2 |
TOP OF THE 11TH |
Vermont Lake Monsters batting - Pitching for Connecticut Tigers : RHP Luis Brown
|
Batting: LHB Mario Cardona
|
0-0: Swinging Strike 0-1: Ball 1-1: Ground out 5-3 (Groundball, 5, EV 83.1 MPH)
|
Pinch Hitting: LHB Oscar Rodriguez
|
0-0: Called Strike 0-1: Swinging Strike 0-2: Strikes out looking
|
Batting: LHB Angel Sanchez
|
0-0: Ball 1-0: SINGLE (Groundball, 13S, EV 63.1 MPH) (infield hit)
|
Batting: LHB Jonathan McDaniel
|
0-0: Ball Angel Sanchez steals 2nd base 1-0: Ball 2-0: Ball 3-0: Called Strike 3-1: Foul Ball, location: 2F 3-2: Ground out 6-3 (Groundball, 6M, EV 103.1 MPH)
|
Top of the 11th over - 0 runs, 1 hit, 0 errors, 1 left on base; Vermont 2 - Connecticut 2 |
BOTTOM OF THE 11TH |
Connecticut Tigers batting - Pitching for Vermont Lake Monsters : LHP Craig Poor
|
Pitching: RHP Darwin Nunez
|
|
Now at C: Jim Conrad
|
|
Batting: RHB John Welch
|
0-0: Called Strike 0-1: Swinging Strike 0-2: Ball 1-2: Ball 2-2: Strikes out swinging
|
Batting: RHB Travis Newton
|
0-0: Ball 1-0: Foul Ball, location: 2F 1-1: Ball 2-1: Ball 3-1: Swinging Strike 3-2: Foul Ball, location: 2F 3-2: Strikes out swinging, 2-3 out at first.
|
Batting: RHB Mike Sebastian
|
0-0: Ball 1-0: Foul Ball, location: 2F 1-1: Ball 2-1: Ball 3-1: Ground out 5-3 (Groundball, 5S, EV 72.5 MPH)
|
Bottom of the 11th over - 0 runs, 0 hits, 0 errors, 0 left on base; Vermont 2 - Connecticut 2 |
TOP OF THE 12TH |
Vermont Lake Monsters batting - Pitching for Connecticut Tigers : RHP Luis Brown
|
Pitching: LHP Jayden Carey
|
|
Batting: RHB Casey Nicita
|
0-0: Ball 1-0: Foul Ball, location: 2F 1-1: Ball 2-1: Called Strike 2-2: Strikes out swinging
|
Batting: RHB Tony Moran
|
0-0: Ball 1-0: Ball 2-0: Ball 3-0: Called Strike 3-1: DOUBLE (Flyball, 8RXD, EV 96.2 MPH)
|
Batting: RHB Eduardo Chavez
|
0-0: Intentional Walk
|
Batting: RHB Fathi Addae
|
0-0: Ball 1-0: Foul Ball, location: 2F 1-1: Ball 2-1: Ball 3-1: Base on Balls Tony Moran to third Eduardo Chavez to second
|
Batting: RHB Bastiaan Leenders
|
0-0: Ball Wild Pitch! Tony Moran scores Eduardo Chavez to third Fathi Addae to second 1-0: Intentional Walk
|
Pinch Hitting: RHB Carlos Martinez
|
0-0: Ball 1-0: Swinging Strike 1-1: Swinging Strike 1-2: Ball 2-2: Strikes out swinging
|
Batting: RHB Jim Conrad
|
0-0: Ball 1-0: Ball 2-0: Called Strike 2-1: Foul Ball, location: 2F 2-2: Strikes out swinging
|
Top of the 12th over - 1 run, 1 hit, 0 errors, 3 left on base; Vermont 3 - Connecticut 2 |
BOTTOM OF THE 12TH |
Connecticut Tigers batting - Pitching for Vermont Lake Monsters : RHP Darwin Nunez
|
Now at SS: Hidetada Iba
|
|
Batting: RHB Eric Blaha
|
0-0: Foul Ball, location: 2F 0-1: Ball 1-1: Swinging Strike 1-2: Foul Ball, location: 2F 1-2: Ball 2-2: Foul Ball, location: 2F 2-2: Ball 3-2: Foul Ball, location: 2F 3-2: DOUBLE (Line Drive, 78XD, EV 103.1 MPH)
|
Pitching: LHP David Noffsinger
|
|
Batting: RHB Vince Chipman
|
0-0: Swinging Strike 0-1: Ground out 5-3 (Groundball, 56, EV 90.0 MPH)
|
Batting: LHB Miguel Bojorquez
|
0-0: Ground out 4-3 (Groundball, 34, EV 100.0 MPH) Eric Blaha to third
|
Batting: RHB Rocky Hart
|
0-0: Ball 1-0: Foul Ball, location: 2F 1-1: Foul Ball, location: 2F 1-2: Ball 2-2: Strikes out swinging
|
Bottom of the 12th over - 0 runs, 1 hit, 0 errors, 1 left on base; Vermont 3 - Connecticut 2 |
|